cohdb
Replays
Latest Replays
All Replays
Popular Replays
Top Player Replays
Match Explorer
How It Works
Community
CoH3 Stats
Reddit
Sign in to upload your games and track your stats! →
Sign in with Steam
Match 40784079
Unlisted
Match 40784079
Overview
Messages
Build Orders
End
Selects Australian Defense Battlegroup
Selects Australian Light Infantry Section
Australian Light Infantry Section
Australian Light Infantry Section
Construct Section Command Post
Australian Light Infantry Section
Construct Platoon Command Post
Infantry Training
Selects Defensive Tactics
Selects Hold the Line!
Construct Company Command Post
Selects CMP 15cwt Supply Run
CMP 15cwt Supply Run
6-pounder Anti-tank Gun Team
Royal Engineer Section
Selects Reinforced Resource Caches
SHIRO
CPU - VERY EASY
旧日支配者
White Wolf
Arkho
新手只手虐狗
0
0
Comments
sign in to comment!
No comments posted yet!